 Dungeon Crawl Stone Soup version 0.31-a0-574-g69dc8cc98e (webtiles) character file.

Game seed: 5917480361421273790

50 Newt the Shooter (level 4, -2/30 HPs)
             Began as a Kobold Hunter on Aug 18, 2023.
             Slain by an orc wizard
             ... wielding a +0 dagger
              (4 damage)
             ... on level 2 of the Dungeon.
             The game lasted 00:00:44 (971 turns).

Newt the Shooter (Kobold Hunter)                     Turns: 971, Time: 00:00:45

Health: -2/30      AC:  3    Str:  8    XL:     4   Next: 4%
Magic:  4/4        EV: 14    Int: 10    God:
Gold:   87         SH:  0    Dex: 20    Spells: 3/3 levels left

rFire   . . .        a - +0 shortbow
rCold   . . .        (shield currently unavailable)
rNeg    . . .        c - +0 leather armour
rPois   .            (no helmet)
rElec   .            (no cloak)
rCorr   .            (no gloves)
SInv    .            (no boots)
Will    .....        (no amulet)
Stlth   +++          (no ring)
HPRegen 0.25/turn    (no ring)
MPRegen 0.09/turn

%: no passive effects
@: attractive
A: small, no large weapons, nightstalker 3
a: no special abilities


You were on level 2 of the Dungeon.
You visited 1 branch of the dungeon, and saw 2 of its levels.

You collected 87 gold pieces.

Inventory:

Hand Weapons
 a - a +0 shortbow (weapon)
Armour
 c - a +0 leather armour (worn)
Scrolls
 b - a scroll of butterflies
 e - a scroll of silence {unknown}


   Skills:
 + Level 4.4 Fighting
 - Level 5.3 Ranged Weapons
 - Level 2.4 Dodging
 - Level 1.3 Stealth


You had 3 spell levels left.
You didn't know any spells.
Your spell library was empty.

Dungeon Overview and Level Annotations

Branches:
Dungeon (2/15)

Altars:


Innate Abilities, Weirdness & Mutations

You are small and have problems with some larger weapons.
You are completely attuned to the shadows.


Message History

The orc wizard casts a spell at you. The puff of flame hits you!
The quokka closely misses you.
You shoot an arrow. The arrow closely misses the quokka.
The quokka misses you. The kobold hits you but does no damage.
The orc wizard casts a spell at you. You resist with some effort.
The quokka closely misses you.
The orc wizard hits you with a +0 dagger.
The kobold hits you but does no damage.
Unknown command.
You shoot an arrow. The arrow misses the quokka.
The quokka bites you. The kobold hits you but does no damage.
The orc wizard hits you with a +0 dagger.
Unknown command.
You shoot an arrow. The arrow closely misses the quokka.
The quokka closely misses you. The kobold closely misses you.
The orc wizard hits you but does no damage.
Unknown command.
You shoot an arrow.
The arrow hits the quokka but does no damage.
The quokka bites you.
The orc wizard hits you with a +0 dagger.
The kobold barely misses you. The quokka misses you.
Unknown command.
It was a potion of magic.
Magic courses through your body. The kobold barely misses you.
The orc wizard points at you and mumbles some strange words.
The magic dart hits you.
* * * LOW HITPOINT WARNING * * *
The quokka bites you.
* * * LOW HITPOINT WARNING * * *
It was a potion of attraction.
You feel attractive to monsters.
The quokka bites you but does no damage.
The orc wizard barely misses you. The kobold closely misses you.
Unknown command.
You shoot an arrow. The arrow hits the quokka.
The quokka is almost dead.
The quokka closely misses you.
The orc wizard hits you with a +0 dagger.
You die...

*,,,,* *,,,,,,,,,***,*
****,******,,,,,,,,,,**,*
**,*,,,,,,,,,,,,,,,,*,**
**,,,,***#.....o,,,,⌠*,,*
**,,,,** #.....o,,,,,*,,*
,,,,*** ###....o.,,,,**,,*
,**,* #.#...oo.,,,***,,* ,*,,*
#.#..########*,,,* **,**
#...)ooo@K...,,*,* *#.*
#..######r...,**,*
##.######..## *....,,,,*
........#...#****....,****
##............,,,....,*********
#.......#.###.,,,,,,,,,,,,,,,,*
..........#***,,,***,,,,,,,,,,*
..........#*,,,,,,,,,,,,,,,,,,*
..........#,,,,,,,,,,,*********


You could see an orc wizard, 2 orcs, a quokka and a kobold.

Vanquished Creatures
  An orc wizard (D:2)
  A ball python (D:1)
  4 endoplasms (D:1)
  2 goblins (D:1)
  7 hobgoblins
  2 quokkas (D:1)
  A bat (D:1)
  A frilled lizard (D:1)
  2 kobolds (D:1)
  A rat (D:1)
22 creatures vanquished.

Notes
Turn   | Place    | Note
-------+----------+-------------------------------------------
     0 | D:1      | Newt the Kobold Hunter began the quest for the Orb.
     0 | D:1      | Reached XP level 1. HP: 12/12 MP: 1/1
   118 | D:1      | Reached XP level 2. HP: 18/18 MP: 2/2
   595 | D:1      | Reached XP level 3. HP: 23/23 MP: 3/3
   958 | D:2      | Reached XP level 4. HP: 30/30 MP: 4/4
   969 | D:2      | HP: 1/30 [quokka (4)]
   971 | D:2      | Slain by an orc wizard

Illustrated notes

Levels and vault maps discovered:
D:1:      matt_arrival_refuge, layout_basic, st_stairs_5, due_unseen_surprise
D:2:      cheibrodos_pilgrimage, layout_rooms, kennysheep_decorative_pillar,
          uniq_crazy_yiuf_cottage

Skill      XL: |  1  2  3 |
---------------+----------+-----
Fighting       | 3 4 |  4.4
Ranged Weapons | |  5.3
Dodging        | |  2.4
Stealth        | |  1.3

Action                     |  1- 3 |  4- 6 || total
---------------------------+-------+-------++-------
   Fire: Shortbow          |    52 |    11 ||    63
    Use: Scroll            |     2 |       ||     2
         Potion            |       |     2 ||     2
 Armour: Leather armour    |     6 |     7 ||    13
  Dodge: Dodged            |    17 |    15 ||    32

Table legend: (Time is in decaauts)
 A = Elapsed time spent in this place.
 B = Non-inter-level travel time spent in this place.
 C = Inter-level travel time spent in this place.
 D = Time resting spent in this place.
 E = Time spent auto-exploring this place.
 F = Levels seen in this place.
 G = Mean time per level.
                   A        B        C        D        E       F      G
               +--------+--------+--------+--------+--------+-----+--------+
         Total |    982 |    931 |     51 |      0 |    818 |   2 |  491.0 |
       Dungeon |    982 |    931 |     51 |      0 |    818 |   2 |  491.0 |
               +--------+--------+--------+--------+--------+-----+--------+

Top non-repeatable levels by time:
     D:1: 936 daAuts
     D:2: 45 daAuts
